Map: Tours du crépuscule

Players

zidar - Winner!

  • Race: Zerg Zerg
  • League: Silver
  • Spawn Location: 1:00

Carles

  • Race: Zerg Zerg
  • League: Gold
  • Spawn Location: 7:00

VOD

Have the link to the VOD?

Description

Time

  • Played on: Feb. 5, 2016, 1:08 p.m.
  • Length: 8:08
Show
View Real Time Build Order
Export as new Build Order

zidar Zerg - Winner!

Build Orders: Pool First 

Get SALT Encoding   

  12  0:03  Drone  
  13  0:12  Overlord  
  13  0:18  Drone  
  14  0:30  Drone  
  14  0:31  Drone  
  14  0:35  Drone  
  17  0:46  Spawning Pool  
  17  0:49  Drone  
  17  1:13  Hatchery  
  17  1:14  Drone  
  17  1:18  Extractor  
  16  1:21  Drone  
  17  1:26  Drone  
  18  1:34  Drone  
  18  1:38  Queen  
  21  1:45  Overlord  
  21  1:55  Drone  
  22  2:04  Drone  
  22  2:05  Roach Warren  
  21  2:10  Extractor  
  20  2:19  Queen  
  22  2:33  Drone x3  
  25  2:48  Drone x3  
  25  2:49  Drone  
  29  3:06  Lair  
  29  3:15  Extractor  
  29  3:16  Extractor  
  29  3:19  Drone  
  31  3:20  Drone x4  
  31  3:23  Overlord  
  32  3:56  Drone x4  
  32  4:02  Overlord  
  36  4:09  Spire  
  35  4:11  Drone x5  
  40  4:30  Drone x3  
  43  4:36  Overlord  
  43  4:38  Overlord  
  43  5:20  Mutalisk x5  
  43  5:21  Mutalisk x7  
  67  6:01  Overlord x3  
  67  6:02  Overlord  
  67  6:06  Zergling x2  
  68  6:49  Mutalisk x3  
  68  6:50  Mutalisk x5  
  73  7:44  Mutalisk  
Show
View Real Time Build Order
Export as new Build Order

Carles Zerg 

Build Orders: Pool First 

Get SALT Encoding   

  12  0:02  Drone  
  13  0:12  Drone  
  14  0:21  Overlord, Extractor  
  13  0:24  Extractor  
  13  0:26  Drone  
  13  0:30  Drone  
  16  0:40  Drone  
  17  0:51  Extractor  
  17  0:54  Spawning Pool, Drone  
  16  1:05  Drone  
  16  1:09  Drone  
  18  1:21  Drone  
  19  1:32  Hatchery  
  18  1:35  Drone  
  19  1:43  Drone  
  20  1:49  Roach Warren  
  19  1:55  Zergling x2  
  20  2:04  Drone  
  21  2:09  Extractor  
  21  2:14  Lair  
  20  2:18  Zergling x2  
  21  2:40  Drone  
  21  2:43  Overlord  
  22  2:54  Hatchery, Drone x2  
  23  3:09  Drone x4  
  27  3:19  Roach  
  29  3:25  Drone  
  29  3:26  Baneling Nest  
  29  3:31  Metabolic Boost  
  29  3:36  Roach  
  31  3:42  Ravager  
  31  3:44  Roach  
  34  3:51  Hydralisk Den  
  34  3:52  Drone  
  34  3:58  Roach  
  34  4:00  Overlord  
  36  4:06  Drone  
  36  4:07  Drone  
  38  4:12  Overlord  
  38  4:17  Drone x2  
  38  4:20  Drone  
  41  4:29  Drone  
  41  4:31  Evolution Chamber  
  41  4:32  Evolution Chamber  
  41  4:35  Drone x2  
  42  4:38  Extractor  
  42  4:39  Extractor  
  42  4:45  Roach  
  42  4:47  Hydralisk  
  42  4:51  Drone  
  45  4:56  Drone  
  45  4:57  Drone  
  47  5:05  Hydralisk  
  49  5:08  Zergling x2  
  49  5:09  Drone  
  51  5:15  Drone x4  
  55  5:21  Lurker Den  
  55  5:29  Extractor, Drone x3  
  55  5:30  Extractor  
  55  5:35  Overlord  
  56  5:39  Zerg Missile Weapons Level 1  
  56  5:43  Zerg Ground Armor Level 1  
  56  5:47  Spore Crawler, Drone  
  56  5:52  Spore Crawler  
  56  5:53  Drone x2  
  59  5:57  Roach  
  59  5:59  Roach  
  59  6:03  Drone x2  
  63  6:06  Drone  
  63  6:09  Drone x2  
  66  6:16  Overlord  
  66  6:34  Hydralisk  
  51  6:47  Hydralisk x3  
  51  6:48  Hydralisk x4  
  51  6:53  Hydralisk  
  60  7:01  Spore Crawler  
  55  7:05  Hydralisk  
  47  7:24  Hydralisk x4  
  55  7:34  Hydralisk x2  
  55  7:36  Hydralisk  
Tags
 
Add a new tag
Caveats
  • Supply blocks, unpowered buildings, or Contaminate may cause inaccurate times.
  • Supply counts are checked every 10 seconds.